 Dungeon Crawl Stone Soup version 0.24-a0-434-gd57e52fea8 (webtiles) character file.

Game seed: 17108243673810578861

2469 HAL9000 the Transmogrifier (level 9, -4/64 HPs)
             Began as a Purple Draconian Transmuter on June 17, 2019.
             Was an Initiate of Ru.
             Killed by nerve-wracking pain
             ... invoked by Menkaure
              (10 damage)
             ... on level 7 of the Dungeon.
             The game lasted 00:15:26 (8068 turns).

HAL9000 the Transmogrifier (DrTm)                   Turns: 8068, Time: 00:15:27

Health: -4/64      AC: 12    Str: 13    XL:     9   Next: 26%
Magic:  12/12      EV: 16    Int: 14    God:    Ru [......]
Gold:   235        SH:  0    Dex: 14    Spells: 1/12 levels left

rFire    . . .     SeeInvis .     - Unarmed
rCold    . . .     Gourm    .   (no shield)
rNeg     . . .     Faith    .   (armour unavailable)
rPois    .         Spirit   .   (helmet restricted)
rElec    .         Reflect  .   A - +0 cloak
rCorr    .         Harm     .   o - +0 pair of gloves (curse)
MR       +....     Rnd*Tele +   h - +2 pair of boots
Stlth    ..........             (no amulet)
HPRegen  0.20/turn              w - ring of teleportation (curse)
MPRegen  0.13/turn              u - +4 ring of evasion

@: short of breath
A: breathe power, unfitting armour, cold-blooded, no stealth, AC +7
a: Breathe Dispelling Energy, Renounce Religion


You were on level 7 of the Dungeon.
You worshipped Ru.
Ru was noncommittal.
You were very hungry.

You visited 1 branch of the dungeon, and saw 7 of its levels.

You collected 235 gold pieces.

Inventory:

Missiles
 a - 94 arrows
 q - 7 atropa-tipped darts (quivered)
Armour
 h - a +2 pair of boots (worn)
 o - a cursed +0 pair of gloves (worn)
 r - a +0 buckler
 A - a +0 cloak (worn)
Jewellery
 b - an uncursed ring of protection from fire
 f - an uncursed ring of wizardry
 i - an uncursed ring of protection from cold
 u - a +4 ring of evasion (right hand)
 w - a cursed ring of teleportation (left hand)
Wands
 l - a wand of acid (7)
 x - a wand of enslavement (7)
Scrolls
 d - a scroll of enchant armour
 y - 2 scrolls of teleportation
Potions
 e - 2 potions of might
 g - 2 potions of cancellation
 j - 2 potions of magic
 k - a potion of brilliance {unknown}
 m - a potion of haste
 n - a potion of lignification {unknown}
 p - 3 potions of curing
 s - a potion of invisibility {unknown}
 t - a potion of heal wounds {unknown}
 v - 3 potions of degeneration {unknown}
 z - a potion of ambrosia {unknown}
Comestibles
 c - 6 rations


   Skills:
 - Level 1.1 Fighting
 - Level 1.7 Dodging
 - Level 5.0 Unarmed Combat
 - Level 2.4 Spellcasting
 + Level 11.8 Transmutations


You had one spell level left.
You knew the following spells:

 Your Spells              Type           Power        Failure   Level  Hunger
a - Beastly Appendage     Tmut           ####..       1%          1    #......
b - Sticks to Snakes      Tmut           ####....     1%          2    ###....
c - Spider Form           Tmut/Pois      ###.......   6%          3    ###....
d - Blade Hands           Tmut           ####......   4%          5    ######.

Your spell library contained the following spells:

 Spells                   Type           Power        Failure   Level  Hunger
 Ice Form                 Ice/Tmut       ###.....     21%         4    #####..


Dungeon Overview and Level Annotations

Branches:
Dungeon (7/15)
 Temple: D:4-7

Altars:
Ashenzari
Cheibriados
Fedhas
Gozag
Kikubaaqudgha
Nemelex Xobeh
Qazlal
Ru
Uskayaw
Vehumet
Yredelemnul

Annotations:
D:7 Menkaure


Innate Abilities, Weirdness & Mutations

You can breathe bolts of dispelling energy.
Your rich purple scales are hard. (AC +7)
You cannot fit into any form of body armour.
You are cold-blooded and may be slowed by cold attacks.
You cannot be stealthy.


Message History

Press: ? - help, Shift-Dir - straight line You breathe a bolt of dispelling energy.
You are feeling very hungry.
Menkaure completely misses you. The centaur hits you.
* * * LOW HITPOINT WARNING * * *
Unknown command.
You feel a bit more experienced. The centaur hits you.
* * * LOW HITPOINT WARNING * * *
The centaur barely misses you.
Menkaure points at you and mumbles some strange words.
You resist with some effort.
An iron imp comes into view.
The iron imp shouts!
You feel a bit more experienced.
Found a snail-covered altar of Cheibriados.
Unknown command.
You see here a wand of flame (18).
Menkaure gestures at you while chanting.
Pain shoots through your body!
You die...

#.# ..... #.#
.... #.# ..#
#.###..#
#.##...####
#.#?.......
##......###.#
#...).......#
#@###.#.#####
##.##..#.#
###.M#.....#
#.....######
#...5.#
#.....#
.........
..........
......_....


You could see Menkaure and an iron imp.

Vanquished Creatures
  Prince Ribbit (D:5)
  A human (D:7)
  A yak (D:7)
  2 hogs (D:7)
  Duvessa (D:4)
  An ice beast (D:4)
  An orc warrior (D:6)
  2 phantoms
  3 ogres
  2 centaurs
  Dowan (D:4)
  A water moccasin skeleton (D:5)
  4 crimson imps
  A bullfrog zombie (D:6)
  A centaur zombie (D:4)
  A quasit (D:6)
  A jelly (D:6)
  2 orc priests (D:5)
  3 hounds
  2 orc wizards
  A bullfrog skeleton (D:6)
  An iguana (D:4)
  A worker ant (D:6)
  A statue (D:6)
  A hound skeleton (D:5)
  Robin (D:3)
  5 gnolls
  10 adders
  A shadow imp (D:5)
  2 oozes
  2 adder skeletons
  2 dart slugs
  8 leopard geckos
  16 orcs
  2 ball pythons
  3 giant cockroaches
  11 hobgoblins
  4 jackals
  A quokka (D:3)
  A ball python skeleton (D:5)
  5 bats
  6 frilled lizards
  13 goblins
  4 kobolds
  6 rats
140 creatures vanquished.

Vanquished Creatures (collateral kills)
  2 adders (D:3)
  A worm (D:3)
  A goblin (D:3)
4 creatures vanquished.

Grand Total: 144 creatures vanquished

Notes
Turn   | Place    | Note
-------+----------+-------------------------------------------
     0 | D:1      | HAL9000 the Draconian Transmuter began the quest for the
                  | Orb.
     0 | D:1      | Reached XP level 1. HP: 16/16 MP: 3/3
    86 | D:1      | Reached XP level 2. HP: 20/23 MP: 3/5
   120 | D:1      | Learned a level 2 spell: Sticks to Snakes
   451 | D:1      | Reached XP level 3. HP: 25/28 MP: 6/6
   995 | D:2      | Reached skill level 3 in Transmutations
  1011 | D:2      | Found an opulent altar of Gozag.
  1151 | D:2      | Learned a level 3 spell: Spider Form
  1268 | D:2      | Reached XP level 4. HP: 35/35 MP: 4/7
  1273 | D:2      | Found a shattered altar of Ashenzari.
  2379 | D:3      | Noticed Robin
  2410 | D:3      | Killed Robin
  2410 | D:3      | Reached XP level 5. HP: 31/40 MP: 3/8
  2533 | D:3      | Reached skill level 4 in Transmutations
  2552 | D:3      | Found a sacrificial altar of Ru.
  2552 | D:3      | Found a sparkling altar of Nemelex Xobeh.
  2624 | D:3      | Became a worshipper of Ru the Awakened
  2706 | D:4      | Reached skill level 5 in Unarmed Combat
  2942 | D:4      | Found an ancient bone altar of Kikubaaqudgha.
  2942 | D:4      | Found a hide-covered altar of Uskayaw.
  2943 | D:4      | Found a stormy altar of Qazlal.
  3126 | D:4      | Noticed Duvessa
  3126 | D:4      | Noticed Dowan
  3138 | D:4      | Killed Duvessa
  3138 | D:4      | Reached skill level 5 in Transmutations
  3138 | D:4      | Reached XP level 6. HP: 32/47 MP: 5/9
  3160 | D:4      | Killed Dowan
  3616 | D:4      | Reached skill level 6 in Transmutations
  4409 | D:4      | Your scales start taking on a rich purple colour.
  4409 | D:4      | Reached XP level 7. HP: 48/52 MP: 6/10
  4506 | D:5      | Entered Level 5 of the Dungeon
  4685 | D:4      | Reached skill level 7 in Transmutations
  5179 | D:5      | Gained mutation: You cannot be stealthy. [Ru sacrifice]
  5217 | D:5      | Reached skill level 8 in Transmutations
  5329 | D:5      | Reached XP level 8. HP: 59/59 MP: 11/11
  5864 | D:5      | Reached skill level 9 in Transmutations
  6133 | D:5      | Noticed Prince Ribbit
  6148 | D:5      | Killed Prince Ribbit
  6320 | D:5      | Found a blossoming altar of Fedhas.
  6586 | D:6      | Reached skill level 10 in Transmutations
  6605 | D:6      | Learned a level 5 spell: Blade Hands
  7418 | D:6      | Found a radiant altar of Vehumet.
  8032 | D:7      | Reached skill level 11 in Transmutations
  8032 | D:7      | Reached XP level 9. HP: 54/64 MP: 8/12
  8052 | D:7      | Noticed Menkaure
  8054 | D:7      | Found a basalt altar of Yredelemnul.
  8063 | D:7      | Found a snail-covered altar of Cheibriados.
  8068 | D:7      | Killed from afar by Menkaure

Levels and vault maps discovered:
D:1:      onia_arrival_pyramid, layout_basic, chequers_serial_rivers_small_a
D:2:      layout_rooms, marbit_many_paths,
          nicolae_gozag_cash_rules_everything_around_me
D:3:      layout_rooms, grunt_temple_overflow_open, first_ration,
          grunt_ministairs_9, kennysheep_generic_room_12, uniq_robin
D:4:      layout_basic, gammafunk_temple_overflow_claw, minivault_1,
          uniq_duvessa
D:5:      layout_cave_pools, kennysheep_little_box, uniq_prince_ribbit1
D:6:      layout_cave_pods, vehumet_statue, kennysheep_generic_room_7
D:7:      layout_loops_ring, lemuel_round_altar, slow_altar_1,
          nicolae_overflow_hidden_temple, minmay_temple_entry_grid, basic_altar,
          grunt_livestock, elyvilon_altar_4, uniq_joseph, uniq_menkaure

Skill      XL: |  1  2  3  4  5  6  7  8 |
---------------+-------------------------+-----
Unarmed Combat | 4 5 |  5.0
Transmutations | 3 5 6 8 11 | 11.8
Fighting       | |  1.1
Dodging        | |  1.7
Spellcasting   | |  2.4

Action                   |  1- 3 |  4- 6 |  7- 9 || total
-------------------------+-------+-------+-------++-------
Melee: Unarmed           |    87 |   203 |   384 ||   674
       Kick              |     2 |       |       ||     2
       Punch             |     5 |     1 |     3 ||     9
       Tailslap          |     5 |    13 |    20 ||    38
       Headbutt          |     4 |    12 |     8 ||    24
Throw: Dart              |       |     3 |       ||     3
 Cast: Beastly Appendage |    15 |    12 |     8 ||    35
       Sticks to Snakes  |     3 |     7 |     7 ||    17
       Spider Form       |       |     8 |    18 ||    26
Invok: Sacrifice Stealth |       |       |     1 ||     1
 Abil: Breathe Dispellin |       |       |     7 ||     7
       End Transformatio |       |       |     1 ||     1
  Use: Scroll            |       |     7 |     4 ||    11
 Stab: Sleeping          |     1 |     2 |       ||     3
       Distracted        |     1 |       |     2 ||     3
  Eat: Chunk             |     1 |     9 |     9 ||    19
       Ration            |       |     1 |     2 ||     3
Armor: Skin              |    35 |    65 |    95 ||   195
Dodge: Dodged            |    60 |   165 |   359 ||   584

Table legend:
 A = Non-vault XP
 B = Vault XP
 C = Vault XP percentage of total XP
 D = Non-vault monster count
 E = Vault monster count
 F = Vault count percentage of total count
                 A         B        C        D         E       F
            +---------+---------+-------+---------+---------+-------
      Total |    2077 |    1451 |  41.1 |     117 |      27 |  18.8
            +---------+---------+-------+---------+---------+-------
        D:1 |      45 |       0 |   0.0 |      15 |       0 |   0.0
        D:2 |      78 |      12 |  13.3 |      21 |       1 |   4.5
        D:3 |      42 |      55 |  56.7 |      14 |      16 |  53.3
        D:4 |     415 |     223 |  35.0 |      21 |       2 |   8.7
        D:5 |     884 |     173 |  16.4 |      31 |       1 |   3.1
        D:6 |     549 |     181 |  24.8 |      14 |       3 |  17.6
        D:7 |      64 |     807 |  92.7 |       1 |       4 |  80.0
            +---------+---------+-------+---------+---------+-------
